 Dungeon Crawl Stone Soup version 0.19-a0-944-gb338e1e (webtiles) character file.

144 FitzyFitz the Slasher (level 5, -1/42 HPs)
             Began as a Minotaur Gladiator on July 8, 2016.
             Slain by a phantom (7 damage)
             ... on level 3 of the Dungeon.
             The game lasted 00:04:19 (2447 turns).

FitzyFitz the Slasher (Minotaur Gladiator)          Turns: 2447, Time: 00:04:19

Health: -1/42      AC:  4    Str: 19    XL:     5   Next: 5%
Magic:  4/4        EV: 13    Int: 10    God:
Gold:   123        SH:  0    Dex: 12    Spells: 0 memorised, 4 levels left

rFire  . . .     SeeInvis .     a - +0 long sword
rCold  . . .     Gourm    .     y - +0 robe (curse)
rNeg   . . .     Faith    .     (no shield)
rPois  .         Spirit   .     c - +0 hat
rElec  .         Dismiss  .     n - +0 cloak
rCorr  .         Reflect  .     p - +0 pair of gloves
SustAt .         Harm     .     (no boots)
MR     .....                    (no amulet)
Stlth  +.........               (no ring)
                                k - +5 ring of intelligence

@: very slightly contaminated, invisible (expiring), not resistant to hostile
enchantments, very unstealthy
A: retaliatory headbutt, horns 2
a: no special abilities


You were on level 3 of the Dungeon.
You were not hungry.

You visited 1 branch of the dungeon, and saw 3 of its levels.

You collected 123 gold pieces.

Inventory:

Hand Weapons
 a - a +0 long sword (weapon)
 b - a +0 hunting sling
Missiles
 d - 3 throwing nets (quivered)
 e - 34 sling bullets
 j - 41 stones
 v - 8 tomahawks
Armour
 c - a +0 hat (worn)
 n - a +0 cloak (worn)
 o - a +0 leather armour
 p - a +0 pair of gloves (worn)
 y - a cursed +0 robe (worn)
Jewellery
 k - a +5 ring of intelligence (left hand)
Wands
 l - a wand of iceblast (4/15)
Scrolls
 g - 2 scrolls of amnesia {unknown}
 m - a scroll of recharging {unknown}
 r - 2 scrolls of identify {unknown}
 u - a scroll of remove curse
Potions
 h - a potion of invisibility
 i - a potion of might {unknown}
 q - a potion of lignification {unknown}
 s - a potion of curing {unknown}
 t - a potion of degeneration {unknown}
 x - a potion of cure mutation {unknown}
Comestibles
 f - 3 bread rations
 w - a beef jerky
 z - 2 chunks of flesh


   Skills:
 - Level 2.4 Fighting
 + Level 6.9 Long Blades
 - Level 2.0 Throwing
 + Level 3.3 Dodging


You had 4 spell levels left.
You didn't know any spells.

Dungeon Overview and Level Annotations

Branches:
Dungeon (3/15)

Altars:
Dithmenos
Fedhas
Yredelemnul


Innate Abilities, Weirdness & Mutations

You reflexively headbutt those who attack you in melee.
You have a pair of horns on your head.


Message History

You closely miss the phantom.
The phantom is heavily damaged.
The phantom hits you.
* * * LOW HITPOINT WARNING * * *
You barely miss the phantom.
The phantom is heavily damaged.
The phantom closely misses you.
You slash the phantom! You headbutt the phantom.
The phantom is severely damaged.
The phantom hits you.
* * * LOW HITPOINT WARNING * * *
You barely miss the phantom.
The phantom is severely damaged.
The phantom closely misses you.
You riposte.
You slash the phantom!
The phantom is almost destroyed.
You closely miss the phantom.
The phantom is almost destroyed.
You flicker for a moment.
The phantom hits you!
You die...

#...#..........####†..
#.##...................
#.#...........###.##.##
#.#.#........## #.#..#
#...############.#.##
##.##### #....#.###
#......# #......
#..###.####.# ##..###
#..#.@....!# ##....
#..†.#W###.# #.#..
#.####.# ##.#.#
#.####.# #...##
#..!...# #.#.#.#
######## ..##.#..
##....... ####.### #.#


You could see a phantom.

Vanquished Creatures
  An orc priest (D:3)
  An orc wizard (D:3)
  3 adders
  A worm (D:2)
  3 orcs (D:3)
  2 ball pythons (D:3)
  7 bats
  4 giant cockroaches
  4 goblins
  3 hobgoblins
  3 jackals (D:1)
  4 quokkas (D:3)
  3 giant newts
  5 kobolds
  9 rats
  A spectral orc (D:2)
54 creatures vanquished.

Notes
Turn   | Place    | Note
-------+----------+-------------------------------------------
     0 | D:1      | FitzyFitz the Minotaur Gladiator began the quest for the Orb.
     0 | D:1      | Reached XP level 1. HP: 18/18 MP: 0/0
   247 | D:1      | Reached skill level 4 in Long Blades
   419 | D:1      | Reached XP level 2. HP: 25/25 MP: 1/1
   851 | D:2      | Reached skill level 5 in Long Blades
   851 | D:2      | Reached XP level 3. HP: 30/30 MP: 2/2
   919 | D:2      | Found a blossoming altar of Fedhas.
  1621 | D:2      | Found a basalt altar of Yredelemnul.
  1764 | D:3      | Found a shadowy altar of Dithmenos.
  2131 | D:3      | Reached skill level 6 in Long Blades
  2131 | D:3      | Reached XP level 4. HP: 30/37 MP: 3/3
  2311 | D:3      | Reached XP level 5. HP: 37/42 MP: 4/4
  2414 | D:3      | Noticed a phantom
  2447 | D:3      | Slain by a phantom

Vault maps used:
D:1:      minmay_arrival_radiant_lines, kennysheep_decorative_pillar,
          minmay_misc_feat_cross, fountainhead
D:2:      yredelemnul_forgotten_temple_becter, first_bread, lemuel_tele_altar
D:3:      marbit_many_paths, grunt_dithmenos_smoke, uniq_robin

Skill      XL: |  1  2  3 |
---------------+----------+-----
Long Blades    | 4 5 6 |  6.9
Fighting       | |  2.4
Throwing       | |  2.0
Dodging        | |  3.3

Action                   |  1- 3 |  4- 6 || total
-------------------------+-------+-------++-------
Melee: Long sword        |   109 |    40 ||   149
       Headbutt          |    15 |     2 ||    17
  Use: Scroll            |     1 |       ||     1
       Potion            |       |     1 ||     1
 Stab: Sleeping          |       |     1 ||     1
  Eat: Chunk             |     4 |     1 ||     5
Armor: Leather armour    |    30 |    10 ||    40
       Robe              |       |     1 ||     1
Dodge: Dodged            |    67 |    20 ||    87
